 Dungeon Crawl Stone Soup version 0.26-a0-830-g2a559e7be2 (webtiles) character file.

Game seed: 17402651046600328361

1336701 Ge0ff the Immaculate (level 27, -1/264 HPs)
             Began as a Human Fighter on Nov 14, 2020.
             Was a High Priest of Zin.
             Killed from afar by a Hell Sentinel (59 damage)
             ... with an iron shot
             ... on level 12 of a ziggurat on Nov 15, 2020.
             The game lasted 05:07:56 (90891 turns).

Ge0ff the Immaculate (Human Fighter)               Turns: 90891, Time: 05:07:56

Health: -1/264     AC: 44    Str: 31    XL:     27
Magic:  50/50      EV: 21    Int: 18    God:    Zin [*****.]
Gold:   4660       SH: 34    Dex: 19    Spells: 4/49 levels left

rFire    + + .     SeeInvis .   b - +9 broad axe (holy)
rCold    + . .     Faith    .   L - +7 tower shield of Boredom {rPois rF- rN+}
rNeg     + + .     Spirit   .   G - +13 plate armour of Uwkucsi {Regen+}
rPois    +         Reflect  .   Q - +3 hat of Pondering {ponderous, MR+ MP+10 Int+5}
rElec    +         Harm     .   T - scarf {rC+ rF+}
rCorr    .         Rampage  +   S - +2 pair of gloves of Dogmatism {rElec}
MR       +++..                  s - +2 pair of boots {rampage}
Stlth    +.........             c - amulet of Vitality {Regen+ HP+15}
HPRegen  1.34/turn              y - ring "Viniap" {rN+ Str+6 Int+4 Stlth+, =R}
MPRegen  0.32/turn              D - ring of Zanetogi {rF++ AC+4}

@: hasted, studying Stealth, very quick
A: agile 1, deformed body, sturdy frame 1
}: 15/15 runes: decaying, serpentine, slimy, silver, golden, iron, obsidian,
icy, bone, abyssal, demonic, glowing, magical, fiery, dark
a: Recite, Vitalisation, Imprison, Sanctuary, Donate Gold, Renounce Religion


You were on level 12 of a ziggurat.
You worshipped Zin.
Zin was extremely pleased with you.
You visited 16 branches of the dungeon, and saw 82 of its levels.
You visited Pandemonium 2 times, and saw 10 of its levels.
You visited the Abyss 2 times.
You visited 1 ziggurat, and saw 12 of its levels.
You also visited: Sewer, Gauntlet, Volcano and Wizlab.

You collected 15334 gold pieces.
You spent 6536 gold pieces at shops.
You donated 4138 gold pieces to Zin.

Inventory:

Hand Weapons
 a - a +9 broad axe of electrocution
 b - a +9 broad axe of holy wrath (weapon)
 w - the +8 broad axe "Otelech" {speed, Str-4 Dex+5}
   (You found it on level 5 of the Vaults)

   Attacks with this weapon are significantly faster.
   It affects your strength (-4).
   It affects your dexterity (+5).
 E - a +0 trident of distortion
Missiles
 g - 10 throwing nets {=f}
 B - 4 silver javelins
 Y - 14 javelins (quivered)
Armour
 s - a +2 pair of boots of rampaging (worn)
 v - the +2 cloak of Articulation {rF+ Regen+ rCorr Stlth-}
   (You found it on level 2 of the Realm of Zot)

   It protects you from fire.
   It increases your rate of regeneration.
   It provides partial protection from all sources of acid and corrosion.
   It makes you less stealthy.
 x - +6 gold dragon scales
 G - the +13 plate armour of Uwkucsi (worn) {Regen+}
   (You bought it in a shop on level 1 of the Vaults)

   It increases your rate of regeneration.
 L - the +7 tower shield of Boredom (worn) {rPois rF- rN+}
   (You took it off a daeva in Pandemonium)

   It makes you vulnerable to fire.
   It protects you from poison.
   It protects you from negative energy.
 Q - the +3 hat of Pondering (worn) {ponderous, MR+ MP+10 Int+5}
   (You bought it in a shop on level 1 of the Vaults)

   It affects your intelligence (+5).
   It affects your resistance to hostile enchantments.
   It affects your magic capacity (+10).
 S - the +2 pair of gloves of Dogmatism (worn) {rElec}
   (You found it in a Gauntlet)

   It insulates you from electricity.
 T - a scarf of resistance (worn)
Jewellery
 c - the amulet of Vitality (around neck) {Regen+ HP+15}
   (You found it on level 8 of a ziggurat)

   [amulet of regeneration]

   It affects your health (+15).
   It increases your rate of regeneration.
 h - the ring "Kawewa" {rC+ rN+ Int+6}
   (You found it on level 9 of the Dungeon)

   [ring of intelligence]

   It affects your intelligence (+6).
   It protects you from cold.
   It protects you from negative energy.
 r - an uncursed amulet of guardian spirit
 y - the ring "Viniap" (left hand) {rN+ Str+6 Int+4 Stlth+, =R}
   (You found it on level 3 of the Crypt)

   [ring of positive energy]

   It affects your strength (+6).
   It affects your intelligence (+4).
   It protects you from negative energy.
   It makes you more stealthy.
 D - the ring of Zanetogi (right hand) {rF++ AC+4}
   (You took it off a balrug on level 7 of Gehenna)

   [ring of protection]

   It affects your AC (+4).
   It greatly protects you from fire.
 F - the ring "Iqahel" {rN+ Slay+2 SInv}
   (You found it on level 11 of a ziggurat)

   [ring of see invisible]

   It affects your accuracy and damage with ranged weapons and melee attacks
   (+2).
   It protects you from negative energy.
   It lets you see invisible.
Wands
 d - a wand of digging (31)
 e - a wand of enslavement (9)
 j - a wand of acid (41)
 k - a wand of iceblast (21)
 p - a wand of paralysis (27)
Scrolls
 i - 16 scrolls of identify
 m - 10 scrolls of magic mapping
 C - 32 scrolls of remove curse
 J - a scroll of silence {!r}
 V - 5 scrolls of vulnerability
Potions
 o - 3 potions of ambrosia
 q - 27 potions of curing
 u - 2 potions of mutation {!q}
 z - 12 potions of brilliance
 A - 5 potions of attraction
 H - 12 potions of haste {!q}
 K - a potion of magic {!q}
 M - 5 potions of might
 N - 10 potions of cancellation {!q}
 R - 3 potions of resistance
 W - 23 potions of heal wounds {!q}
 X - 3 potions of flight
 Z - 3 potions of berserk rage {!q}
Books
 O - a manual of Stealth
Miscellaneous
 l - a lightning rod (4/4)
 n - a phial of floods
 t - a tin of tremorstones (inert)
 P - a figurine of a ziggurat {!v}
 U - a phantom mirror


   Skills:
 O Level 27 Fighting
 - Level 18.9(20.0) Axes
   Level 11.9(16.6) Maces & Flails
 - Level 12.0 Throwing
 + Level 24.6 Armour
 + Level 15.2 Dodging
 + Level 6.8 Stealth
 - Level 25.0 Shields
 * Level 11.9 Spellcasting
 * Level 11.2 Conjurations
 - Level 12.0 Hexes
 - Level 12.0 Summonings
 - Level 12.0 Translocations
 - Level 12.0 Transmutations
 * Level 5.4 Fire Magic
 - Level 12.0 Earth Magic
 O Level 27 Invocations
 + Level 15.2 Evocations


You had 4 spell levels left.
You knew the following spells:

 Your Spells              Type           Power        Failure   Level
c - Blink                 Tloc           N/A          1%          2
g - Apportation           Tloc           ######       1%          1
h - Lee's Rapid Deconstr  Erth           ######....   3%          5
k - Bolt of Magma         Conj/Fire/Erth #####.....   9%          5
m - Iskenderun's Mystic   Conj/Tloc      ######..     1%          4
p - Passage of Golubria   Tloc           N/A          1%          4
s - Summon Mana Viper     Hex/Summ       ######..     3%          5
w - Passwall              Tmut/Erth      ######..     1%          2
D - Dispersal             Tloc           ######....   17%         6
F - Summon Forest         Summ/Tloc      ######....   3%          5
S - Shadow Creatures      Summ           N/A          17%         6

Your spell library contained the following spells:

 Spells                   Type           Power        Failure   Level
 Beastly Appendage        Tmut           ######       1%          1
 Corona                   Hex            ######.      1%          1
 Foxfire                  Conj/Fire      ####         1%          1
 Magic Dart               Conj           ####         1%          1
 Sting                    Tmut/Pois      ####         1%          1
 Summon Small Mammal      Summ           ####         1%          1
 Call Imp                 Summ           ######..     1%          2
 Ensorcelled Hibernation  Hex/Ice        ####..       1%          2
 Searing Ray              Conj           ######       1%          2
 Slow                     Hex            ######..     1%          2
 Wereblood                Tmut           ######..     1%          2
 Call Canine Familiar     Summ           ######..     1%          3
 Confusing Touch          Hex            ######..     1%          3
 Conjure Flame            Conj/Fire      #####...     1%          3
 Dazzling Flash           Conj/Hex       ######       1%          3
 Gell's Gravitas          Tloc           ######....   1%          3
 Inner Flame              Hex/Fire       #####...     1%          3
 Lesser Beckoning         Tloc           ######....   1%          3
 Portal Projectile        Hex/Tloc       ######       1%          3
 Stone Arrow              Conj/Erth      ######       1%          3
 Summon Guardian Golem    Hex/Summ       ######..     1%          3
 Tukima's Dance           Hex            ######..     1%          3
 Fulminant Prism          Conj/Hex       ######....   1%          4
 Leda's Liquefaction      Hex/Erth       ######....   1%          4
 Petrify                  Tmut/Erth      ######..     1%          4
 Ignite Poison            Fire/Tmut/Pois ####....     4%          3
 Spider Form              Tmut/Pois      ####......   4%          3
 Static Discharge         Conj/Air       ####....     4%          3
 Sticky Flame             Conj/Fire      #####...     4%          4
 Mephitic Cloud           Conj/Pois/Air  ###.....     10%         3
 Ice Form                 Ice/Tmut       ####....     13%         4
 Summon Ice Beast         Ice/Summ       ####....     13%         4
 Summon Lightning Spire   Summ/Air       ####....     13%         4
 Animate Skeleton         Necr           ##....       16%         1
 Freeze                   Ice            ##..         16%         1
 Pain                     Necr           ##..         16%         1
 Hailstorm                Conj/Ice       ####....     16%         4
 Corpse Rot               Necr/Air       N/A          24%         2
 Poisonous Vapours        Pois/Air       ##....       24%         2
 Sublimation of Blood     Necr           ##........   24%         2
 Swiftness                Air            ##......     24%         2
 Frozen Ramparts          Ice            ##....       43%         3
 Ozocubu's Armour         Ice            ##......     43%         3
 Vampiric Draining        Necr           ##........   43%         3
 Animate Dead             Necr           ##........   83%         4
 Dispel Undead            Necr           ##......     83%         4
 Blade Hands              Tmut           ######....   3%          5
 Yara's Violent Unravell  Hex/Tmut       ######....   3%          5
 Iskenderun's Battlesphe  Conj           ######..     4%          5
 Fireball                 Conj/Fire      #####.....   14%         5
 Hydra Form               Tmut           ######....   17%         6
 Invisibility             Hex            ######..     17%         6
 Statue Form              Tmut/Erth      ######...    17%         6
 Iron Shot                Conj/Erth      ######....   21%         6
 Alistair's Intoxication  Tmut/Pois      ####.....    36%         5
 Borgnjor's Vile Clutch   Necr/Erth      ####......   36%         5
 Metabolic Englaciation   Hex/Ice        ####......   36%         5
 Lightning Bolt           Conj/Air       ####......   38%         5
 Starburst                Conj/Fire      #####.....   61%         6
 Malign Gateway           Summ/Tloc      ######....   67%         7
 Monstrous Menagerie      Summ           ######....   67%         7
 Summon Greater Demon     Summ           ######....   67%         7
 Summon Hydra             Summ           ######....   67%         7
 Eringya's Noxious Bog    Tmut/Pois      ####......   90%         6
 Conjure Ball Lightning   Conj/Air       ####......   93%         6
 Agony                    Necr           ##......     99%         5
 Excruciating Wounds      Necr           ##........   99%         5
 Haunt                    Necr/Summ      ####......   100%        7
 Borgnjor's Revivificati  Necr           ##........   100%        8
 Chain Lightning          Conj/Air       ####......   100%        8
 Disjunction              Tloc           ######....   100%        8
 Ignition                 Fire           ####......   100%        8
 Infestation              Necr           ##........   100%        8
 Lehudib's Crystal Spear  Conj/Erth      ######....   100%        8
 Necromutation            Tmut/Necr      ####......   100%        8
 Summon Horrible Things   Summ           ######....   100%        8
 Absolute Zero            Ice            ##........   100%        9
 Death's Door             Necr           ##........   100%        9
 Fire Storm               Conj/Fire      #####.....   100%        9
 Shatter                  Erth           ######....   100%        9
 Tornado                  Air            ##........   100%        9


Dungeon Overview and Level Annotations

Branches:
Dungeon (15/15)            Temple (1/1) D:6            Lair (6/6) D:10
  Swamp (4/4) Lair:4        Snake (4/4) Lair:4        Slime (5/5) Lair:5
    Orc (0/2) D:9          Vaults (5/5) D:13          Crypt (3/3) Vaults:3
   Tomb (3/3) Crypt:3      Depths (5/5) D:15           Hell (visited)
    Dis (7/7) Hell            Geh (7/7) Hell            Coc (7/7) Hell
    Tar (7/7) Hell            Zot (3/5) Depths:5      Sewer (visited)
Volcano (visited)          WizLab (visited)         Gauntlet (visited)

Altars:
Ashenzari
Cheibriados
Dithmenos
Elyvilon
Fedhas
Gozag
Hepliaklqana
Kikubaaqudgha
Makhleb
Nemelex Xobeh
Okawaru
Qazlal
Ru
Sif Muna
Trog
Uskayaw
Vehumet
Wu Jian
Xom
Yredelemnul
Zin
The Shining One
Jiyva
Lugonu

Shops:
D:4 }   D:5 =   D:9 (*   D:11 !   D:15 (   Snake:4 *   Vaults:1 [   Vaults:2 :
Vaults:4 (   Depths:2 =**

Portals:
Hell: Depths:1 Depths:2 Depths:3 Depths:4 Depths:5
Abyss: Depths:3 Depths:4 Depths:5
Pandemonium: Depths:3
Trove: D:10 (give 6 potions of haste)

Annotations:
D:9 exclusion: downstairs


Innate Abilities, Weirdness & Mutations

You are agile. (Dex +2)
Armour fits poorly on your strangely shaped body.
Your movements are slightly less encumbered by armour. (ER -2)


Message History

The Hell Sentinel is almost dead.
The Hell Sentinel hits you!!
* * * LOW HITPOINT WARNING * * *
You block the Hell Sentinel's attack.
Really quaff
W - 24 potions of heal wounds {!q}?
You feel much better.
Liumen Umaor hits the Hell Sentinel!!!
The Hell Sentinel is killed!
Liumen Umaor hits itself!!
You are ready to recite again.
You block the Hell Sentinel's attack. x2
You strike the helpless Liumen Umaor from behind!
You slice Liumen Umaor!!
Liumen Umaor convulses.
Liumen Umaor is heavily wounded.
You hit the Hell Sentinel but do no damage.
You slash Liumen Umaor!
Liumen Umaor convulses.
Liumen Umaor is severely wounded.
You slash the Hell Sentinel!
The Hell Sentinel convulses!
The Hell Sentinel gestures at you. The iron shot hits you!!!
You die...

..........▓
...........▓▓
.............▓
.............▓
.............▓▓
........2..∩..▓
.........)...▓▓
...........&.▓
......(..1@).▓
......(...).▓▓
..........(.▓
...........▓▓
.........▓▓▓
........▓▓
▓▓.▓▓▓▓▓▓ ▓▓


You could see Liumen Umaor (confused), a Hell Sentinel and a green death
(confused).

Vanquished Creatures
  Cerebov (Pan)
  Antaeus (Coc:7)
  Asmodeus (Geh:7)
  Gloorx Vloq (Pan)
  Dissolution (Slime:3)
  Ereshkigal (Tar:7)
  A seraph (Pan)
  Lom Lobon (Pan)
  Mnoleg (Pan)
  Dispater (Dis:7)
  2 orbs of fire (Zot:2)
  Khufu (Tomb:2)
  7 ancient liches
  6 juggernauts
  The ghost of ANON1729 the Merfolkian Porcupine, a legendary MfGl of Fedhas (Zig:6)
  9 greater mummies
  A Killer Klown (Zot:2)
  9 shard shrikes
  2 caustic shrikes (Depths:4)
  4 curse toes
  Geryon (Hell)
  11 golden dragons
  15 bone dragons
  2 pearl dragons (Pan)
  An electric golem (Zot:1)
  17 Tzitzimimeh
  13 liches
  20 Brimstone Fiends
  7 doom hounds
  12 iron giants
  Rupert (Lair:4)
  Jorgrun (Snake:1)
  5 titans
  10 tentacled monstrosities
  18 Ice Fiends
  10 Hell Sentinels
  12 quicksilver dragons
  17 acid blobs
  Murray (Depths:3)
  3 tentacled starspawn (Abyss:3)
  9 sphinxes
  Gastronok (D:12)
  An eldritch tentacle (Abyss:3)
  24 Executioners
  7 pandemonium lords
  A thorn hunter (Swamp:4)
  29 shadow dragons
  13 death cobs
  2 tengu reavers
  2 draconian monks (Zot:2)
  23 ancient champions
  10 storm dragons
  A fenstrider witch (Swamp:1)
  12 daevas (Pan)
  5 azure jellies (Slime:5)
  8 nagarajas
  8 revenants
  5 deep elf sorcerers
  11 frost giants
  13 fire giants
  5 warmongers
  2 black suns (Pan)
  6 ghost moths
  6 draconian knights
  6 draconian scorchers
  34 balrugs
  11 cacodemons
  An orc warlord (Zig:4)
  Aizul (Swamp:1)
  6 curse skulls
  16 vault wardens
  A juggernaut zombie (Zig:8)
  4 iron dragons (Dis:7)
  6 draconian shifters
  23 angels (Pan)
  4 deep elf elementalists
  11 ghouls
  3 draconian stormcallers
  2 spriggan defenders
  62 reapers
  21 war gargoyles
  5 draconian annihilators
  15 ironheart preservers
  A blood saint (Zig:11)
  3 elemental wellsprings (Coc:7)
  A corrupter (Zig:12)
  24 very ugly things
  17 stone giants
  20 bennus
  6 vampire knights
  9 green draconians
  24 apis (Pan)
  13 ophanim (Pan)
  A deep elf demonologist (Vaults:5)
  A dire elephant (Lair:6)
  A minotaur (Gauntlet)
  10 black draconians
  10 lorocyprocas
  The ghost of sosloow the Tainter, a journeyman DrVM of Cheibriados (Lair:5)
  24 red draconians
  10 white draconians
  6 yellow draconians
  Snorg (Lair:4)
  4 deep elf annihilators
  19 purple draconians
  2 bunyips
  2 spark wasps
  9 statues (WizLab)
  3 eleionomae
  15 blizzard demons
  13 eidola
  14 mummy priests
  13 ettins
  6 death oozes
  7 fire dragons
  Josephine (Lair:4)
  6 deep elf death magi
  4 deep elf high priests
  11 quicksilver dragon zombies
  10 green deaths
  16 great orbs of eyes
  28 yaktaur captains
  8 jiangshi
  10 rakshasas
  3 boulder beetles
  32 vault guards
  32 ice dragons
  A kraken zombie (Coc:7)
  5 hell beasts
  6 spriggan air magi
  26 hydras
  11 naga warriors
  A merfolk avatar (Abyss:3)
  7 ghost crabs
  5 quicksilver dragon skeletons
  2 monstrous demonspawn (Pan)
  A catoblepas (Lair:6)
  9 centaur warriors
  4 death knights
  32 two-headed ogres
  10 ogre magi
  4 dancing weapons
  Erica (D:9)
  8 anacondas
  10 death scarabs
  The ghost of chipmonk the Cleaver, a novice HOFi of Beogh (D:9)
  7 deep troll shamans
  8 vampire magi
  29 hell hogs
  4 tengu warriors
  9 death yaks
  A satyr (shapeshifter) (Depths:3)
  5 alligators
  6 thrashing horrors
  6 shock serpents
  14 naga sharpshooters
  9 deep troll earth magi
  6 spriggan berserkers
  4 goliath frogs
  6 storm dragon zombies
  Nergalle (D:12)
  28 spriggans
  4 titan zombies
  4 iron golems
  62 sun demons
  33 soul eaters
  6 titan skeletons
  3 deep elf knights
  4 salamander mystics
  7 iron trolls
  12 cherubim (Pan)
  2 death drakes (Abyss:3)
  39 hell knights
  19 shadow wraiths
  144 skeletal warriors
  12 glowing orange brains
  5 golden dragon zombies
  17 flayed ghosts
  21 shadow demons
  2 gelid demonspawn
  4 storm dragon skeletons
  16 sixfirhies
  3 wretched stars
  6 sea snakes (Snake:3)
  18 anaconda zombies
  4 unseen horrors
  10 spriggan druids
  A kraken simulacrum (Coc:7)
  A swamp dragon (shapeshifter) (Vaults:5)
  3 infernal demonspawn (Pan)
  2 ghost moth zombies
  5 deep elf archers
  32 deep trolls
  An orange crystal statue (Zig:10)
  An unseen horror (shapeshifter) (Zig:10)
  9 naga ritualists
  17 bog bodies
  8 swamp dragons (Swamp:4)
  2 golden dragon skeletons
  19 ironbrand convokers
  6 anaconda skeletons
  8 torturous demonspawn
  9 orc knights
  20 phantasmal warriors
  8 shadow dragon zombies
  7 wolf spider zombies
  An orb spider (shapeshifter) (Vaults:1)
  12 wizards
  21 deep elf magi
  3 obsidian statues (Zig:10)
  4 lindwurms
  28 necromancers
  6 frost giant zombies
  4 mana vipers
  8 shining eyes
  2 shining eyes (shapeshifter)
  5 wolf spiders
  8 shadow dragon skeletons
  7 fire giant zombies
  2 oklob plants (Lair:2)
  8 iron dragon zombies
  60 ugly things
  3 cyclopes
  11 stone giant zombies
  A salamander (shapeshifter) (Depths:2)
  2 tengu skeletons
  A worldbinder (Zig:10)
  11 salamanders
  2 will-o-the-wisps
  4 iron dragon skeletons
  A manticore (D:12)
  A moth of wrath (shapeshifter) (Vaults:5)
  28 moths of wrath
  An apocalypse crab (Zig:7)
  9 fire giant skeletons
  2 centaur zombies
  16 elephants
  24 rust devils
  5 toenail golems (Volcano)
  4 stone giant skeletons
  9 frost giant skeletons
  2 guardian serpents
  3 human skeletons
  5 dire elephant zombies
  6 molten gargoyles (Geh:7)
  5 torpor snails (Lair:6)
  22 naga magi
  17 cane toads
  21 smoke demons
  4 ice statues
  39 black mambas
  3 eyes of devastation
  2 shock serpent skeletons
  12 orange demons (Pan)
  A torpor snail (shapeshifter) (Depths:4)
  13 vault sentinels
  2 minotaur zombies
  A kobold demonologist (D:13)
  2 catoblepas zombies
  2 gargoyles (D:10)
  6 dire elephant skeletons
  2 rime drakes (Lair:6)
  A komodo dragon (shapeshifter) (Vaults:1)
  An emperor scorpion zombie (Tar:7)
  12 efreet
  38 freezing wraiths
  80 yaktaurs
  34 hellwings
  31 hellions
  34 tormentors
  9 komodo dragons
  29 ice devils
  37 red devils
  An anaconda simulacrum (Coc:3)
  A black draconian skeleton (Crypt:1)
  A tengu conjurer (Depths:2)
  A swamp worm zombie (Crypt:1)
  10 demonic crawlers
  40 guardian mummies
  4 harpy zombies
  A queen bee (Lair:4)
  7 silent spectres
  3 trolls
  A polar bear (Lair:4)
  3 meliai (Lair:4)
  A troll (shapeshifter) (Depths:2)
  16 hydra zombies
  32 hornets
  10 ettin zombies
  4 jumping spiders (Crypt:3)
  12 tyrant leeches
  6 hydra skeletons
  A stone giant simulacrum (Vaults:2)
  4 raiju
  Grinder (D:3)
  A slime creature (shapeshifter) (Vaults:5)
  91 slime creatures
  24 blink frogs
  3 dream sheep (Lair:6)
  A blink frog (shapeshifter) (Vaults:5)
  7 ice dragon zombies
  3 harpy skeletons
  A fire giant simulacrum (Vaults:5)
  5 fire dragon zombies
  6 alligator zombies
  4 wyverns (Lair:6)
  A spriggan skeleton (D:15)
  A black mamba skeleton (Tar:3)
  128 flying skulls
  7 ice dragon skeletons
  25 large abominations
  9 ynoxinuls
  30 shadows
  5 water elementals
  55 yaks
  A spriggan (shapeshifter) (Vaults:2)
  6 basilisks
  40 wraiths
  Eustachio (D:4)
  9 ushabtiu
  6 chaos spawn
  3 alligator skeletons
  A satyr skeleton (Crypt:2)
  23 fire elementals
  8 ettin skeletons
  4 black mamba zombies
  5 fire dragon skeletons
  2 steam dragons
  5 golden eyes (Pan)
  2 hogs (shapeshifter)
  22 neqoxecs
  10 vampire mosquitoes
  A merfolk zombie (Dis:7)
  2 wargs
  9 swamp worms
  34 nagas
  A gelid demonspawn zombie (Crypt:2)
  A hydra simulacrum (Tar:2)
  6 cane toad zombies
  Duvessa (D:5)
  An acid dragon (Vaults:2)
  A monstrous demonspawn skeleton (Crypt:2)
  2 floating eyes
  5 black bears
  16 water moccasins
  34 hell hounds
  10 swamp drakes
  7 cane toad skeletons
  16 ice beasts
  A black bear (shapeshifter) (Vaults:4)
  2 sky beasts
  An ice dragon simulacrum (Tar:3)
  A deep troll skeleton (Crypt:1)
  19 orc warriors
  An alligator simulacrum (Coc:7)
  6 eyes of draining
  2 manticore zombies
  A hornet zombie (D:12)
  26 necrophages
  2 swamp dragon zombies
  16 ogres
  2 snapping turtle zombies (Crypt:3)
  24 boggarts
  9 phantoms
  2 snapping turtle skeletons
  9 wolves
  A blink frog skeleton (Crypt:1)
  9 centaurs
  2 swamp dragon skeletons
  3 big kobolds
  2 elf skeletons
  27 bullfrogs
  A gnoll sergeant (D:5)
  2 cane toad simulacra
  An elf simulacrum (Vaults:1)
  Dowan (D:5)
  A wyvern zombie (D:13)
  9 wyvern skeletons (Crypt:3)
  3 scorpions
  A water moccasin skeleton (Crypt:2)
  9 small abominations
  A spriggan zombie (Geh:6)
  50 wights
  A yak zombie (Crypt:2)
  22 killer bees (Lair:4)
  17 electric eels
  A howler monkey (D:10)
  13 crimson imps
  5 starcursed masses (Abyss:3)
  2 hounds
  3 human zombies
  5 quasits
  5 centaur skeletons
  A human simulacrum (Vaults:3)
  5 orc priests
  26 iron imps
  9 jellies
  A bullfrog skeleton (D:12)
  A hell rat (D:10)
  5 iguanas
  20 orc wizards
  7 worker ants
  A tengu zombie (Coc:1)
  The ghost of Howlingfantods the Sneak, a weakling MiDe (D:5)
  3 naga zombies
  An ogre zombie (Dis:7)
  A demigod zombie (Crypt:1)
  An acid dragon skeleton (Crypt:1)
  2 naga skeletons
  An ogre skeleton (Pan)
  A hound skeleton (D:4)
  A hound zombie (D:8)
  41 mummies
  5 gnolls (D:5)
  3 river rats
  9 adders
  20 shadow imps
  22 white imps
  2 ufetubi
  3 oozes
  A lava snake zombie (Crypt:2)
  An adder skeleton (D:5)
  An iguana skeleton (Crypt:1)
  2 worms
  9 ball lightnings
  A dart slug (D:1)
  6 leopard geckos
  58 orcs
  4 giant cockroaches
  6 goblins
  5 hobgoblins
  6 jackals
  18 kobolds
  4 quokkas
  8 bats
  3 frilled lizards
  A goblin zombie (D:7)
  A jackal zombie (D:8)
  A kobold skeleton (D:7)
  An orc skeleton (Crypt:3)
  An orc zombie (Tar:4)
  A quokka skeleton (D:5)
  12 rats
  A rat skeleton (Crypt:1)
  A crawling corpse (Depths:5)
  4 fire vortices (Pan)
  A macabre mass (Depths:5)
  9 pillars of salt
  8 starspawn tentacles (Abyss:3)
  A tentacle (Coc:7)
4361 creatures vanquished.

Vanquished Creatures (collateral kills)
  2 Tzitzimimeh (Tar:7)
  2 tentacled monstrosities
  4 daevas (Pan)
  A cacodemon (Pan)
  3 angels (Pan)
  A reaper (Dis:7)
  An apis (Pan)
  A lorocyproca (Hell)
  A purple draconian (Zot:1)
  An iron golem (Dis:7)
  2 skeletal warriors (Tar:7)
  A sixfirhy (Pan)
  3 cherubim (Pan)
  An ugly thing (Pan)
  A hellion (Tar:7)
  A dire elephant skeleton (Tar:7)
  A catoblepas zombie (Dis:7)
  A silent spectre (Tar:7)
  A tormentor (Coc:7)
  An ettin zombie (Tar:7)
  3 flying skulls (Tar:7)
  A shadow (Tar:7)
  A large abomination (Pan)
  A neqoxec (Pan)
  A snapping turtle zombie (Dis:7)
  A necrophage (Tar:7)
  An iron imp (Dis:7)
  A mummy (Tomb:3)
40 creatures vanquished.

Vanquished Creatures (others)
  A pandemonium lord (Zig:9)
  An Executioner (Zig:11)
  An eldritch tentacle (Pan)
  A shadow dragon (Tar:5)
  A black sun (Zig:11)
  A balrug (Zig:9)
  2 draconian scorchers (Zot:1)
  A blood saint (Pan)
  2 reapers
  2 lorocyprocas
  A purple draconian (Zot:1)
  2 fire dragons (Depths:5)
  2 hell hogs
  A titan skeleton (Geh:7)
  2 sun demons (Pan)
  An anaconda skeleton (Coc:7)
  An ugly thing (Depths:2)
  A black mamba (Snake:4)
  Joseph (D:7)
  A rust devil (Dis:6)
  6 flying skulls
  A shadow (Geh:6)
  An alligator skeleton (Coc:7)
  A ynoxinul (Pan)
  A black bear (D:7)
  An ogre (D:7)
  A crimson imp (Geh:7)
  2 iron imps
  16 ball lightnings
  2 orcs
  A block of ice (Pan)
  2 demonic plants (Gauntlet)
  A fire vortex (Pan)
  4 foxfires
  33 fungi
  28 pillars of salt
  79 plants
  9 starspawn tentacles (Abyss:3)
  13 tentacles (Coc:7)
  42 withered plants
270 creatures vanquished.

Grand Total: 4671 creatures vanquished

Notes
Turn   | Place    | Note
-------+----------+-------------------------------------------
     0 | D:1      | Ge0ff the Human Fighter began the quest for the Orb.
     0 | D:1      | Reached XP level 1. HP: 18/18 MP: 1/1
   400 | D:1      | Reached XP level 2. HP: 24/24 MP: 2/2
   777 | D:1      | Reached XP level 3. HP: 28/29 MP: 3/3
  1605 | D:2      | Reached XP level 4. HP: 35/35 MP: 4/4
  2390 | D:3      | Noticed a bullfrog
  2397 | D:3      | Killed a bullfrog
  2397 | D:3      | Reached skill level 5 in Maces & Flails
  2397 | D:3      | Reached XP level 5. HP: 26/41 MP: 5/5
  2572 | D:3      | Noticed Grinder
  2572 | D:3      | Paralysed by Grinder for 7 turns
  2586 | D:3      | Paralysed by Grinder for 6 turns
  2611 | D:3      | Paralysed by Grinder for 5 turns
  2796 | D:3      | Paralysed by Grinder for 2 turns
  2824 | D:3      | Paralysed by Grinder for 5 turns
  2833 | D:3      | Killed Grinder
  2833 | D:3      | Reached XP level 6. HP: 12/47 MP: 6/6
  3819 | D:4      | Found an iron altar of Okawaru.
  3819 | D:4      | Found a shimmering blue altar of Sif Muna.
  3819 | D:4      | Found a bloodstained altar of Trog.
  3819 | D:4      | Found an ornate altar of the Wu Jian Council.
  3822 | D:4      | Found Giurgh's Gadget Boutique.
  3853 | D:4      | Reached XP level 7. HP: 52/52 MP: 7/7
  4061 | D:4      | Reached skill level 1 in Dodging
  4105 | D:4      | Found a glowing silver altar of Zin.
  4198 | D:4      | Found a shadowy altar of Dithmenos.
  4461 | D:5      | Entered Level 5 of the Dungeon
  4494 | D:4      | Reached skill level 1 in Throwing
  4578 | D:5      | Noticed Eustachio
  4579 | D:5      | Noticed Duvessa
  4579 | D:5      | Noticed Dowan
  4614 | D:4      | Killed Eustachio
  4614 | D:4      | Reached XP level 8. HP: 54/60 MP: 8/8
  4846 | D:5      | Noticed Howlingfantods's ghost (weakling MiDe)
  4887 | D:5      | Killed Duvessa
  4894 | D:5      | Killed Dowan
  5050 | D:5      | Found a transporter.
  5057 | D:5      | Found a transporter.
  5587 | D:5      | Found Nigaxot's Jewellery Shop.
  6313 | D:5      | Killed Howlingfantods's ghost
  6313 | D:5      | Reached XP level 9. HP: 53/65 MP: 9/9
  6535 | D:6      | Found a glowing drain.
  6539 | Sewer    | Entered a sewer
  6655 | Sewer    | Found a white marble altar of Elyvilon.
  6837 | D:6      | Found a staircase to the Ecumenical Temple.
  6880 | D:6      | Reached skill level 10 in Maces & Flails
  6893 | Temple   | Entered the Ecumenical Temple
  7222 | Temple   | Became a worshipper of Elyvilon the Healer
  7837 | D:7      | Noticed Joseph
  8065 | D:7      | Got a masterwork shortbow
  8079 | D:7      | Found a stormy altar of Qazlal.
  8096 | D:7      | Reached * piety under Elyvilon
  8132 | D:7      | Found a runed translucent door.
  8136 | D:7      | Found a basalt altar of Yredelemnul.
  8193 | D:7      | Reached skill level 1 in Invocations
  8242 | D:7      | Identified the +5 hunting sling "Vunkueh" {vorpal, rC+
                  | SInv}
  8530 | D:7      | Was placed under penance by Elyvilon
  8549 | D:7      | Killed Joseph
  8549 | D:7      | Reached skill level 1 in Evocations
  8644 | D:7      | Was forgiven by Elyvilon
  8686 | D:7      | Found a radiant altar of Vehumet.
  9525 | D:8      | Reached XP level 10. HP: 62/73 MP: 11/11
  9891 | D:8      | Noticed a two-headed ogre
  9928 | D:8      | Killed a two-headed ogre
  9928 | D:8      | Reached skill level 5 in Armour
  9928 | D:8      | Reached skill level 5 in Shields
 10005 | D:8      | Reached ** piety under Elyvilon
 10172 | D:9      | Found Vikkuregev's Antique Weapon Emporium.
 10188 | D:9      | Reached skill level 5 in Fighting
 10275 | D:9      | Bought a transparent morningstar for 261 gold pieces
 10275 | D:9      | Identified the +2 morningstar "Gialogga" {protect, rPois
                  | Int+2} (You bought it in a shop on level 9 of the Dungeon)
 10416 | D:9      | Found a staircase to the Orcish Mines.
 10588 | D:9      | Identified a scroll of acquirement
 10619 | D:9      | Found Vaosm's Changing Room.
 10651 | D:9      | Acquired a manual of Dodging
 10732 | D:9      | Found a transporter.
 10735 | D:9      | Noticed chipmonk's ghost (novice HOFi)
 10740 | D:9      | Gained mutation: You are clumsy. (Dex -2) [a neqoxec]
 10745 | D:9      | Found a transporter.
 10832 | D:9      | Got the ring "Kawewa" {Int+6}
 10862 | D:9      | Killed chipmonk's ghost
 10862 | D:9      | Reached XP level 11. HP: 55/80 MP: 12/14
 11013 | D:9      | Identified the ring "Kawewa" {rC+ rN+ Int+6} (You found it
                  | on level 9 of the Dungeon)
 11063 | D:9      | Noticed Erica
 11081 | D:9      | Killed Erica
 11081 | D:9      | Reached skill level 5 in Dodging
 11546 | D:10     | Entered Level 10 of the Dungeon
 11546 | D:10     | Noticed a death yak
 11551 | D:10     | Noticed a death yak
 11565 | D:9      | Killed a death yak
 11782 | D:10     | Noticed a death yak
 11806 | D:9      | Killed a death yak
 12030 | D:10     | Found a portal to a secret trove of treasure.
 12088 | D:10     | Got an iridescent hand crossbow
 12115 | D:9      | Identified the cursed +0 hand crossbow "Ogreslayer" {elec,
                  | *Contam Str+4 Dex+4 Stlth+} (You found it on level 10 of
                  | the Dungeon)
 12271 | D:10     | Reached skill level 5 in Invocations
 12436 | D:10     | Killed a death yak
 12850 | D:10     | Reached *** piety under Elyvilon
 12906 | D:10     | Found a staircase to the Lair.
 13531 | D:5      | Bought an uncursed amulet of guardian spirit for 450 gold
                  | pieces
 13624 | D:11     | Noticed an unseen horror
 13642 | D:11     | Killed an unseen horror
 13642 | D:11     | Reached XP level 12. HP: 67/89 MP: 12/16
 13657 | D:11     | Found Ymaf's Distillery.
 13665 | D:11     | Bought a potion of might for 44 gold pieces
 13716 | D:11     | Noticed an unseen horror
 13723 | D:11     | Killed an unseen horror
 13729 | D:11     | Found a gate leading to a gauntlet.
 13743 | Gauntlet | Entered a Gauntlet
 13743 | Gauntlet | Found a transporter.
 13743 | Gauntlet | Found a transporter.
 13743 | Gauntlet | Found a transporter.
 13749 | Gauntlet | Found a transporter.
 13753 | Gauntlet | Noticed a glowing orange brain
 13757 | Gauntlet | Found a transporter.
 13761 | Gauntlet | Found a transporter.
 13761 | Gauntlet | Found a transporter.
 13767 | Gauntlet | Noticed a minotaur
 13771 | Gauntlet | Found a transporter.
 13778 | Gauntlet | Found a transporter.
 13796 | Gauntlet | Found a transporter.
 13806 | Gauntlet | Found a transporter.
 13820 | Gauntlet | Found a transporter.
 13970 | Gauntlet | HP: 4/89 [swamp worm (15)]
 14372 | Gauntlet | Learned a level 2 spell: Blink
 14523 | Gauntlet | Got a pair of heavily runed gloves
 14529 | Gauntlet | Identified the +2 pair of gloves of Dogmatism {rElec} (You
                  | found it in a Gauntlet)
 14565 | Gauntlet | Reached skill level 5 in Throwing
 14579 | Gauntlet | Killed a glowing orange brain
 14725 | Gauntlet | Got a coiled steel amulet
 14736 | Gauntlet | Identified the amulet "Homo Qan" {MR+ Regen+} (You found it
                  | in a Gauntlet)
 14856 | Gauntlet | Killed a minotaur
 14889 | Gauntlet | Got a polished helmet
 14900 | Gauntlet | Identified the +0 helmet "Kiexog" {rC- rN+ Stlth+} (You
                  | found it in a Gauntlet)
 15154 | D:11     | Reached **** piety under Elyvilon
 15274 | D:11     | Got a translucent war axe
 15418 | D:11     | Identified the +10 war axe "Giantslayer" {freeze, rC+} (You
                  | found it on level 11 of the Dungeon)
 15673 | D:12     | Noticed a two-headed ogre
 15681 | D:12     | Killed a two-headed ogre
 15681 | D:12     | Reached skill level 1 in Axes
 15848 | D:12     | Noticed Gastronok
 15876 | D:12     | Killed Gastronok
 16111 | D:12     | Noticed an eight-headed hydra
 16120 | D:12     | Killed an eight-headed hydra
 16386 | D:12     | Reached XP level 13. HP: 96/96 MP: 16/18
 16512 | D:12     | Noticed Nergalle
 16532 | D:12     | Killed Nergalle
 17204 | D:13     | Reached ***** piety under Elyvilon
 17222 | D:13     | Got a shimmering ring mail
 17519 | D:12     | Reached skill level 5 in Axes
 17703 | D:13     | Found a gate to the Vaults.
 18125 | D:13     | Identified the +5 ring mail of Dishonesty {rF+} (You found
                  | it on level 13 of the Dungeon)
 18132 | D:13     | Got a distressingly furry scale mail
 18138 | D:13     | Identified the +6 scale mail "Ozueq" {MR+} (You found it on
                  | level 13 of the Dungeon)
 18282 | D:13     | Noticed a frost giant
 18309 | D:13     | Killed a frost giant
 18502 | D:14     | Reached skill level 10 in Dodging
 18542 | D:14     | Noticed a seven-headed hydra
 18932 | D:14     | Found a basalt altar of Yredelemnul.
 19297 | D:15     | Entered Level 15 of the Dungeon
 19297 | D:15     | Found Ixzoycze's Weapon Boutique.
 19403 | Lair:1   | Entered Level 1 of the Lair of Beasts
 19522 | Lair:1   | Lost mutation: You are clumsy. (Dex -2) [potion of
                  | mutation]
 19522 | Lair:1   | Gained mutation: Scrolls take you a little longer to read.
                  | [potion of mutation]
 19522 | Lair:1   | Gained mutation: You are partially covered in slimy green
                  | scales. (AC +2) [potion of mutation]
 19726 | D:11     | Bought a potion of mutation for 88 gold pieces
 19798 | D:9      | Bought a potion of mutation for 96 gold pieces
 19798 | D:9      | Bought a potion of mutation for 96 gold pieces
 19798 | D:9      | Lost mutation: Scrolls take you a little longer to read.
                  | [potion of mutation]
 19798 | D:9      | Lost mutation: You are partially covered in slimy green
                  | scales. (AC +2) [potion of mutation]
 19798 | D:9      | Gained mutation: Armour fits poorly on your strangely
                  | shaped body. [potion of mutation]
 19798 | D:9      | Gained mutation: You have supernaturally acute eyesight.
                  | (SInv) [potion of mutation]
 19799 | D:9      | Lost mutation: You have supernaturally acute eyesight.
                  | (SInv) [potion of mutation]
 19799 | D:9      | Lost mutation: Armour fits poorly on your strangely shaped
                  | body. [potion of mutation]
 19799 | D:9      | Gained mutation: You evolve. [potion of mutation]
 19799 | D:9      | Gained mutation: Armour fits poorly on your strangely
                  | shaped body. [potion of mutation]
 19799 | D:9      | Gained mutation: You expend magic power (3 MP) to
                  | strengthen your wands. [potion of mutation]
 19799 | D:9      | Gained mutation: Your movements are slightly less
                  | encumbered by armour. (ER -2) [potion of mutation]
 20079 | Lair:1   | Reached XP level 14. HP: 98/106 MP: 19/19
 20816 | D:13     | Gained mutation: You are agile. (Dex +2) [evolution]
 21184 | D:15     | Found a staircase to the Depths.
 22683 | Lair:2   | Got a smoking hand crossbow
 22684 | Lair:2   | Identified the +10 hand crossbow of Bagreap {penet, Fragile
                  | rPois Str+2} (You found it on level 2 of the Lair of
                  | Beasts)
 23019 | Lair:3   | Found a hide-covered altar of Uskayaw.
 23075 | Lair:3   | Found a dark tunnel.
 23119 | Volcano  | Entered a volcano
 23157 | Volcano  | Reached XP level 15. HP: 115/115 MP: 20/20
 23610 | Lair:3   | Reached skill level 10 in Fighting
 23756 | Lair:3   | Reached ****** piety under Elyvilon
 23978 | Lair:3   | Reached XP level 16. HP: 127/127 MP: 21/21
 23981 | Lair:3   | Gained mutation: Scrolls take you a little longer to read.
                  | [evolution]
 24479 | Lair:4   | Noticed Snorg
 24490 | Lair:4   | Killed Snorg
 24490 | Lair:4   | Reached skill level 10 in Axes
 24521 | Lair:4   | Noticed Rupert
 24531 | Lair:4   | Noticed Josephine
 24533 | Lair:4   | Killed Rupert
 24539 | Lair:4   | Killed Josephine
 24543 | Lair:4   | Reached skill level 10 in Armour
 24545 | Lair:4   | Reached skill level 10 in Shields
 24638 | Lair:4   | Found a staircase to the Swamp.
 24674 | Lair:4   | Found a staircase to the Snake Pit.
 25631 | Lair:5   | Found a runed translucent door.
 25631 | Lair:5   | Found a viscous altar of Jiyva.
 25635 | Lair:5   | Found a staircase to the Slime Pits.
 25804 | Lair:5   | Found a runed translucent gate.
 25805 | Lair:5   | Found a runed translucent gate.
 25832 | Lair:5   | Found a runed translucent gate.
 25834 | Lair:5   | Found a viscous altar of Jiyva.
 25834 | Lair:5   | Noticed sosloow's ghost (journeyman DrVM)
 26066 | Lair:5   | Killed sosloow's ghost
 26546 | Lair:6   | Entered Level 6 of the Lair of Beasts
 26729 | Lair:6   | Reached XP level 17. HP: 122/135 MP: 22/22
 26888 | Lair:6   | Found a stormy altar of Qazlal.
 27023 | Lair:6   | Got a transparent leather armour
 27239 | Lair:6   | Lost mutation: Armour fits poorly on your strangely shaped
                  | body. [evolution]
 27829 | Lair:6   | Found a runed translucent door.
 28503 | Snake:1  | Entered Level 1 of the Snake Pit
 28594 | Snake:1  | Got a crude scale mail
 28605 | Snake:1  | Identified the +1 scale mail "Jimycah" {+Blink} (You found
                  | it on level 1 of the Snake Pit)
 28948 | Snake:1  | Noticed Jorgrun
 28965 | Snake:1  | Killed Jorgrun
 30932 | Snake:3  | Reached XP level 18. HP: 145/145 MP: 23/23
 31824 | Snake:3  | Got a polished chain mail
 31827 | Snake:3  | Identified the +8 chain mail of Racuc {+Inv rF+} (You found
                  | it on level 3 of the Snake Pit)
 32530 | Snake:4  | Entered Level 4 of the Snake Pit
 32842 | Snake:4  | Identified the Catalogue of Unholy Illusion
 32990 | Snake:4  | Found Gaptulonu's Assorted Antiques.
 32993 | Snake:4  | Bought a potion of curing for 141 gold pieces
 32993 | Snake:4  | Bought a potion of curing for 141 gold pieces
 33174 | Snake:4  | Reached skill level 5 in Evocations
 33190 | Snake:4  | Reached XP level 19. HP: 82/154 MP: 15/24
 33536 | Snake:4  | Reached skill level 15 in Fighting
 33665 | Snake:4  | Got a twisted ring mail
 33686 | Snake:4  | Got a serpentine rune of Zot
 33800 | Snake:4  | Gained mutation: You have large cloven feet. [evolution]
 34065 | Swamp:1  | Entered Level 1 of the Swamp
 34373 | Swamp:1  | Found a shadowy altar of Dithmenos.
 34475 | Swamp:1  | Noticed Aizul
 34492 | Swamp:1  | Killed Aizul
 34558 | Swamp:1  | You fall into a shaft and drop 1 floor!
 36459 | Swamp:4  | Entered Level 4 of the Swamp
 36669 | Swamp:4  | Reached XP level 20. HP: 157/163 MP: 26/26
 37658 | Swamp:4  | Got a decaying rune of Zot
 38122 | Vaults:1 | Entered Level 1 of the Vaults
 38256 | Vaults:1 | Found a magical portal.
 38267 | WizLab   | Entered Iskenderun's Mystic Tower
 38375 | WizLab   | Gained mutation: Your magical capacity is low. (-10% MP)
                  | [evolution]
 38941 | WizLab   | Reached skill level 15 in Axes
 39023 | WizLab   | Reached skill level 15 in Dodging
 39152 | WizLab   | Identified Iskenderun's Compendium of Confrontation
 39152 | WizLab   | Identified Iskenderun's Disquisition on Battle Magic
 39551 | Vaults:1 | Reached XP level 21. HP: 171/171 MP: 25/25
 39933 | Vaults:1 | Reached skill level 10 in Invocations
 39968 | Vaults:1 | Learned a level 1 spell: Apportation
 40020 | Vaults:1 | Found Gyic's Armour Shoppe.
 40027 | Vaults:1 | Bought the +13 plate armour of Uwkucsi {Regen+} for 1330
                  | gold pieces
 40582 | Vaults:2 | Reached skill level 1 in Spellcasting
 40652 | Vaults:2 | Reached skill level 1 in Translocations
 41127 | Vaults:2 | Found Giwin's Book Shoppe.
 41508 | Vaults:2 | You fall into a shaft and drop 2 floors!
 42091 | Vaults:2 | Noticed a lich
 42095 | Vaults:2 | Killed a lich
 42095 | Vaults:2 | Reached XP level 22. HP: 178/180 MP: 27/27
 42477 | Vaults:3 | Found a staircase to the Crypt.
 42498 | Vaults:3 | Got a masterwork arbalest {don't use}
 42690 | Vaults:1 | Bought the +3 hat of Pondering {ponderous, MR+ MP+10 Int+5}
                  | for 533 gold pieces
 42690 | Vaults:1 | Found the +3 hat of Pondering {ponderous, MR+ MP+10 Int+5}
 42918 | Temple   | Fell from the grace of Elyvilon
 42918 | Temple   | Became a worshipper of the Shining One
 42918 | Temple   | Reached * piety under the Shining One
 42918 | Temple   | Reached ** piety under the Shining One
 42918 | Temple   | Reached *** piety under the Shining One
 43381 | Vaults:3 | You fall into a shaft and drop 1 floor!
 43495 | Vaults:3 | Reached **** piety under the Shining One
 43587 | Vaults:3 | Gained mutation: You are robust. (+10% HP) [evolution]
 43937 | Vaults:3 | Got a glimmering chain mail
 43987 | Vaults:3 | Identified the cursed +1 chain mail "Tuwoits" {Regen+
                  | Dex+2} (You found it on level 3 of the Vaults)
 44296 | Vaults:4 | Reached skill level 5 in Translocations
 44537 | Vaults:5 | Entered Level 5 of the Vaults
 44537 | Vaults:5 | Reached ***** piety under the Shining One
 44754 | Vaults:4 | Reached XP level 23. HP: 205/205 MP: 28/28
 44856 | Vaults:4 | Reached skill level 5 in Spellcasting
 44933 | Vaults:4 | Found Pysot's Weapon Emporium.
 45656 | Vaults:4 | Reached skill level 10 in Evocations
 46156 | Crypt:1  | Entered Level 1 of the Crypt
 46746 | Crypt:1  | Got a transparent hunting sling
 46774 | Crypt:1  | Got a brightly glowing ring mail
 47075 | Crypt:1  | Reached ****** piety under the Shining One
 47101 | Crypt:1  | Identified a +6 broad axe of holy wrath (a +4 broad axe
                  | blessed by the Shining One)
 47101 | Crypt:1  | Received a gift from the Shining One
 47328 | Crypt:2  | Reached XP level 24. HP: 197/214 MP: 28/28
 48089 | Crypt:3  | Entered Level 3 of the Crypt
 48420 | Crypt:3  | Found an ancient bone altar of Kikubaaqudgha.
 48687 | Crypt:3  | Found a staircase to the Tomb.
 49663 | Crypt:3  | Gained mutation: You are surrounded by a mild repulsion
                  | field. (EV +2) [evolution]
 49685 | Crypt:3  | Got an ichor-stained chain mail
 49688 | Crypt:3  | Identified the +6 chain mail of Integrity {Stlth+} (You
                  | found it on level 3 of the Crypt)
 49886 | Crypt:3  | Identified the ring "Zyuwuoll" {rF+ rN+ Int+4}
 49887 | Crypt:3  | Found the ring of Shadows {Umbra +Inv Stlth+}
 49887 | Crypt:3  | Noticed an ancient lich
 49888 | Crypt:3  | Noticed an ancient lich
 49891 | Crypt:3  | Killed an ancient lich
 49898 | Crypt:3  | Killed an ancient lich
 49898 | Crypt:3  | Reached XP level 25. HP: 220/223 MP: 30/30
 49905 | Crypt:3  | Got a scintillating wooden ring
 49905 | Crypt:3  | Got a sparkling pewter ring
 49910 | Crypt:3  | Identified the Incunabulum of the Fiery Entourage
 50103 | Crypt:3  | Identified the ring "Nunaelex" {rN+ Int+4} (You found it on
                  | level 3 of the Crypt)
 50105 | Crypt:3  | Identified the ring "Viniap" {rN+ Str+6 Int+4 Stlth+} (You
                  | found it on level 3 of the Crypt)
 50577 | Depths:1 | Entered Level 1 of the Depths
 50769 | Depths:1 | Gained mutation: Armour fits poorly on your strangely
                  | shaped body. [a shining eye]
 50974 | Depths:1 | Found a gateway to Hell.
 50984 | Hell     | Entered the Vestibule of Hell
 50984 | Hell     | Noticed Geryon
 51014 | Hell     | Noticed Murray
 51319 | Depths:1 | Found the +8 Wrath of Trog {antimagic, *Rage}
 51435 | Depths:2 | Reached skill level 15 in Shields
 51530 | Depths:2 | Reached skill level 15 in Armour
 51765 | Depths:2 | Found Deklor's Jewellery Shop.
 51785 | Depths:2 | Found Cemem's Assorted Antiques.
 51787 | Depths:2 | Found Dorr's General Store.
 51793 | Depths:2 | Bought a potion of heal wounds for 195 gold pieces
 51793 | Depths:2 | Bought a potion of brilliance for 156 gold pieces
 51793 | Depths:2 | Bought a potion of attraction for 117 gold pieces
 51850 | Depths:2 | You fall into a shaft and drop 1 floor!
 51938 | Depths:3 | Killed Murray
 52094 | Hell     | Killed Geryon
 52169 | Hell     | Found a gateway to the decaying netherworld of Tartarus.
 52295 | Hell     | Found a gateway to the ashen valley of Gehenna.
 52363 | Hell     | Found a gateway to the Iron City of Dis.
 52490 | Hell     | Found a gateway to the freezing wastes of Cocytus.
 52906 | Depths:2 | Reached XP level 26. HP: 232/232 MP: 31/31
 53262 | Depths:3 | Noticed a juggernaut
 53273 | Depths:3 | Killed a juggernaut
 53288 | Depths:3 | Acquired 935 gold pieces
 53663 | Depths:3 | Identified the Volume of Unstable Translocation
 53810 | Depths:3 | Found a one-way gate to the infinite horrors of the Abyss.
 53811 | Depths:3 | Found a corrupted altar of Lugonu.
 53952 | Depths:2 | Identified the +7 halberd "Aceukkur" {holy, Fragile Str+4
                  | Dex+7}
 53952 | Depths:2 | Noticed a juggernaut
 53952 | Depths:2 | Identified the +2 robe of the Gloaming {rCorr}
 54337 | Depths:2 | Killed a juggernaut
 54366 | Depths:2 | Got a jewelled ring mail
 54431 | Depths:2 | Bought a shiny kite shield for 292 gold pieces
 54431 | Depths:2 | Bought a scroll of identify for 78 gold pieces
 54929 | Depths:3 | Found a one-way gate leading to the halls of Pandemonium.
 55134 | Depths:4 | Reached skill level 10 in Translocations
 55172 | Depths:4 | Noticed a juggernaut
 55185 | Depths:4 | Killed a juggernaut
 55185 | Depths:4 | Reached XP level 27. HP: 168/242 MP: 30/32
 55261 | Depths:3 | Gained mutation: You are very robust. (+20% HP) [evolution]
 55292 | Depths:4 | Noticed a juggernaut
 55378 | Depths:4 | Killed a juggernaut
 55598 | Depths:4 | Noticed a juggernaut
 55621 | Depths:4 | Killed a juggernaut
 55806 | Depths:4 | Identified Aruahupa's Disquisition on Execration and
                  | Transmigration
 56321 | Depths:4 | Voluntarily entered the Abyss.
 56321 | Abyss:1  | Found a corrupted altar of Lugonu.
 56562 | Abyss:3  | Found a corrupted altar of Lugonu.
 56600 | Abyss:3  | Found a corrupted altar of Lugonu.
 56658 | Abyss:3  | Paralysed by accursed screaming for 1 turns
 56689 | Abyss:3  | Got an abyssal rune of Zot
 56794 | Depths:4 | Escaped the Abyss
 56939 | Depths:4 | Got a serpentine marble ring
 56942 | Depths:4 | Identified the ring "Koetikirran" {Ice rPois Int+2} (You
                  | found it on level 4 of the Depths)
 57062 | Depths:5 | Entered Level 5 of the Depths
 57158 | Depths:5 | Reached skill level 10 in Spellcasting
 57591 | Depths:5 | Found a gateway to a ziggurat.
 57726 | Depths:5 | Reached skill level 15 in Invocations
 58052 | Depths:5 | Lost mutation: Scrolls take you a little longer to read.
                  | [evolution]
 58052 | Depths:5 | Lost mutation: You evolve. [end of evolution]
 58112 | Depths:5 | Found a gate to the Realm of Zot.
 59246 | Vaults:5 | Got a brightly glowing great sword {don't use}
 59257 | Vaults:5 | Noticed an ancient lich
 59269 | Vaults:5 | Killed an ancient lich
 59304 | Vaults:5 | Found the +6 arbalest "Damnation" {damnation}
 59588 | Vaults:5 | Got a pair of faintly humming gloves
 59589 | Vaults:5 | Identified the +2 pair of gloves of Lilacs {Str+4} (You
                  | found it on level 5 of the Vaults)
 59616 | Vaults:5 | Identified the Papyrus of Evolution
 59619 | Vaults:5 | Identified the +1 demon whip of Theory {flame, rC+} (You
                  | found it on level 5 of the Vaults)
 59751 | Vaults:5 | Noticed an ancient lich
 59764 | Vaults:5 | Killed an ancient lich
 59933 | Vaults:5 | Got a transparent broad axe
 59996 | Vaults:5 | Identified the +8 broad axe "Otelech" {speed, Str-4 Dex+5}
                  | (You found it on level 5 of the Vaults)
 60014 | Vaults:5 | Got a silver rune of Zot
 60384 | Slime:1  | Entered Level 1 of the Pits of Slime
 60536 | Slime:3  | Noticed Dissolution
 60552 | Slime:3  | Killed Dissolution
 60722 | Slime:5  | Entered Level 5 of the Pits of Slime
 60976 | Slime:4  | Gained mutation: You are dopey. (Int -2) [a shining eye]
 60979 | Slime:4  | Lost mutation: You are very robust. (+20% HP) [a shining
                  | eye]
 61539 | Slime:5  | Noticed the Royal Jelly
 61543 | Slime:5  | Noticed an iron giant shaped Royal Jelly
 61543 | Slime:5  | the Royal Jelly changed into an iron giant shaped Royal
                  | Jelly
 61558 | Slime:4  | Killed an iron giant shaped Royal Jelly
 61708 | Slime:5  | Found the +10 dark maul {vorpal}
 61713 | Slime:5  | Got a jewelled falchion
 61719 | Slime:5  | Got a scorched leather armour
 61775 | Slime:5  | Identified the Compendium of the Battered Lies
 61809 | Slime:5  | Got a slimy rune of Zot
 61861 | Slime:5  | Learned a level 2 spell: Passwall
 61866 | Slime:5  | Learned a level 4 spell: Passage of Golubria
 62187 | Geh:1    | Entered Level 1 of Gehenna
 62356 | Geh:2    | Reached skill level 1 in Transmutations
 62438 | Geh:2    | Reached skill level 1 in Earth Magic
 62997 | Geh:4    | You fall into a shaft and drop 2 floors!
 63302 | Geh:7    | Entered Level 7 of Gehenna
 63647 | Geh:7    | Reached skill level 15 in Evocations
 63971 | Geh:7    | Identified the ring of Zanetogi {rF++ AC+4}
 63991 | Geh:7    | Identified the +7 sceptre of Asmodeus
 63991 | Geh:7    | Noticed Asmodeus
 64023 | Geh:7    | Reached skill level 5 in Transmutations
 64023 | Geh:7    | Reached skill level 5 in Earth Magic
 64028 | Geh:7    | Killed Asmodeus
 64037 | Geh:7    | Got an obsidian rune of Zot
 64245 | Coc:1    | Entered Level 1 of Cocytus
 64662 | Coc:3    | Noticed a shard shrike
 64664 | Coc:3    | Noticed a shard shrike
 64665 | Coc:3    | Noticed a shard shrike
 64671 | Coc:3    | Killed a shard shrike
 64672 | Coc:3    | Killed a shard shrike
 64672 | Coc:3    | Killed a shard shrike
 64701 | Coc:3    | Noticed a shard shrike
 64702 | Coc:3    | Noticed a shard shrike
 64711 | Coc:3    | Killed a shard shrike
 64713 | Coc:3    | Killed a shard shrike
 64774 | Coc:3    | Noticed a shard shrike
 64808 | Coc:3    | Killed a shard shrike
 64917 | Coc:5    | You fall into a shaft and drop 1 floor!
 64978 | Coc:7    | Entered Level 7 of Cocytus
 65102 | Coc:7    | Noticed a shard shrike
 65110 | Coc:7    | Killed a shard shrike
 65568 | Coc:7    | Noticed a shard shrike
 65585 | Coc:7    | Killed a shard shrike
 65743 | Coc:7    | Got a faintly glowing marble ring
 65744 | Coc:7    | Identified the ring of Demoic {*Corrode rPois Dex+4 Stlth-}
                  | (You found it on level 7 of Cocytus)
 66140 | Coc:7    | Reached skill level 10 in Throwing
 66202 | Coc:7    | Identified the +1 rapier of Soutesam {protect, Str+3 Int+6}
 66202 | Coc:7    | Noticed Antaeus
 66232 | Coc:7    | Killed Antaeus
 66262 | Coc:7    | Got an icy rune of Zot
 66284 | Coc:7    | Learned a level 4 spell: Iskenderun's Mystic Blast
 66593 | Tar:1    | Entered Level 1 of Tartarus
 66730 | Tar:1    | Reached skill level 1 in Conjurations
 67573 | Tar:5    | You fall into a shaft and drop 1 floor!
 67659 | Tar:7    | Entered Level 7 of Tartarus
 67770 | Tar:7    | Reached skill level 5 in Conjurations
 67930 | Tar:7    | Found the +4 moon troll leather armour {Spirit, Regen++
                  | MP+5}
 67945 | Tar:7    | Got a warped executioner's axe {don't use}
 67947 | Tar:7    | Identified the +6 executioner's axe of the Onslaught
                  | {flame, *Drain rN+ SInv, don't use} (You found it on level
                  | 7 of Tartarus)
 68002 | Tar:7    | Noticed an ancient lich
 68008 | Tar:7    | Found the ring of Robustness {AC+8}
 68021 | Tar:7    | Killed an ancient lich
 68398 | Tar:7    | Got a smoking pewter ring
 68399 | Tar:7    | Identified the cursed ring of Qomo {*Corrode rN+ Int-4
                  | Dex+3} (You found it on level 7 of Tartarus)
 68797 | Tar:7    | Noticed Ereshkigal
 68821 | Tar:7    | Killed Ereshkigal
 68971 | Tar:7    | Got a translucent great sword {don't use}
 69048 | Tar:7    | Got a jewelled shortbow {don't use}
 69188 | Tar:7    | Got a bone rune of Zot
 69316 | Dis:1    | Entered Level 1 of the Iron City of Dis
 70066 | Dis:7    | Entered Level 7 of the Iron City of Dis
 70379 | Dis:7    | Identified the cursed +0 robe "Tuedem" {MP+9}
 70504 | Dis:7    | Reached skill level 10 in Conjurations
 71088 | Dis:7    | Identified the +4 staff of Dispater
 71088 | Dis:7    | Noticed Dispater
 71111 | Dis:7    | Killed Dispater
 71142 | Dis:7    | Got a bronze plate armour
 71143 | Dis:7    | Identified the cursed +0 plate armour of Mental Paralysis
                  | {+Blink rN+ Str+3} (You found it on level 7 of the Iron
                  | City of Dis)
 71147 | Dis:7    | Got an iron rune of Zot
 71202 | Dis:7    | Identified the +6 short sword of the Glowing Augurer {elec,
                  | Str+4 Int+5}
 71522 | D:11     | Bought 2 potions of attraction for 66 gold pieces
 71522 | D:11     | Bought a potion of curing for 33 gold pieces
 71522 | D:11     | Bought a potion of heal wounds for 55 gold pieces
 71522 | D:11     | Bought a potion of heal wounds for 55 gold pieces
 71522 | D:11     | Bought a potion of curing for 33 gold pieces
 71522 | D:11     | Bought a potion of attraction for 33 gold pieces
 71522 | D:11     | Bought a potion of curing for 33 gold pieces
 71646 | D:4      | Bought a wand of acid (9) for 260 gold pieces
 71646 | D:4      | Bought a wand of paralysis (6) for 80 gold pieces
 71646 | D:4      | Bought a wand of polymorph (7) for 90 gold pieces
 71646 | D:4      | Bought a wand of paralysis (8) for 100 gold pieces
 71646 | D:4      | Bought a wand of polymorph (7) for 90 gold pieces
 71646 | D:4      | Bought a wand of polymorph (8) for 100 gold pieces
 71646 | D:4      | Bought a wand of polymorph (8) for 100 gold pieces
 71894 | Depths:2 | Bought 2 potions of heal wounds for 160 gold pieces
 71894 | Depths:2 | Bought a potion of heal wounds for 80 gold pieces
 71894 | Depths:2 | Bought a wand of iceblast (7) for 176 gold pieces
 71898 | Depths:2 | Bought the ring of Ryfi {*Drain rElec rPois rC++ Str+6} for
                  | 974 gold pieces
 72373 | Tomb:1   | Entered Level 1 of the Tomb of the Ancients
 72840 | Tomb:1   | Noticed a greater mummy
 72845 | Tomb:1   | Noticed a greater mummy
 72850 | Tomb:1   | Killed a greater mummy
 72861 | Tomb:1   | Killed a greater mummy
 73843 | Tomb:3   | Entered Level 3 of the Tomb of the Ancients
 73879 | Tomb:3   | Noticed a greater mummy
 74031 | Tomb:3   | Noticed a greater mummy
 74037 | Tomb:3   | Noticed an ancient lich
 74038 | Tomb:3   | Killed a greater mummy
 74038 | Tomb:3   | Killed a greater mummy
 74042 | Tomb:3   | Killed an ancient lich
 74046 | Tomb:3   | Noticed a greater mummy
 74057 | Tomb:3   | Killed a greater mummy
 74269 | Tomb:3   | Found the cursed necklace of Bloodlust {*Rage +Rage MR++
                  | Int-3 Slay+6 *Curse}
 74288 | Tomb:3   | Got a shimmering leather armour
 74291 | Tomb:3   | Got a pitted leather armour
 74294 | Tomb:3   | Got a warped battleaxe {don't use}
 74311 | Tomb:3   | Got a brightly glowing rapier
 74337 | Tomb:3   | Noticed a greater mummy
 74352 | Tomb:3   | Killed a greater mummy
 74478 | Tomb:3   | Noticed a greater mummy
 74487 | Tomb:3   | Killed a greater mummy
 74518 | Tomb:3   | Noticed a greater mummy
 74518 | Tomb:3   | Noticed Khufu
 74532 | Tomb:2   | Killed Khufu
 74622 | Tomb:3   | Noticed a greater mummy
 74624 | Tomb:3   | Killed a greater mummy
 74784 | Tomb:3   | Killed a greater mummy
 74914 | Tomb:3   | Got a pitted chain mail
 74915 | Tomb:3   | Identified the cursed +0 chain mail of Forking Paths {Str+3
                  | Dex+2} (You found it on level 3 of the Tomb of the
                  | Ancients)
 75143 | Tomb:3   | Got a golden rune of Zot
 75920 | Pan      | Entered Pandemonium
 75920 | Pan      | Noticed Gakhlan the pandemonium lord
 75932 | Pan      | Killed Gakhlan the pandemonium lord
 76024 | Pan      | Noticed Qeipocu the pandemonium lord
 76045 | Pan      | Killed Qeipocu the pandemonium lord
 76090 | Pan      | Entered the realm of Lom Lobon.
 76527 | Pan      | Noticed Lom Lobon
 76545 | Pan      | Killed Lom Lobon
 76556 | Pan      | Got a magical rune of Zot
 76875 | Pan      | Gained mutation: Scrolls take you a little longer to read.
                  | [a neqoxec]
 76885 | Pan      | Gained mutation: Your muscles are strong. (Str +2) [a
                  | neqoxec]
 76933 | Pan      | Noticed Ynkoiwkacze the pandemonium lord
 76960 | Pan      | Got a demonic rune of Zot
 76974 | Pan      | Killed Ynkoiwkacze the pandemonium lord
 77660 | Pan      | Got an ancient hand axe
 78162 | Pan      | Identified the +7 tower shield of Boredom {rPois rF- rN+}
 78172 | Pan      | Found a glowing silver altar of Zin.
 78213 | Pan      | Learned a level 5 spell: Summon Mana Viper
 78560 | Pan      | Reached skill level 1 in Hexes
 78573 | Pan      | Reached skill level 1 in Summonings
 78673 | Pan      | Noticed a seraph
 78695 | Pan      | Killed a seraph
 78776 | Pan      | Identified the +3 buckler of Indecent Exposure {Rampage
                  | rF+}
 78979 | Pan      | Identified the +7 shortbow of Dishonesty {venom, rElec rF-
                  | Dex+5}
 78979 | Pan      | Identified the +3 scale mail "Lufuob" {MP+9}
 79105 | Pan      | Identified the ring of Atie {rN+ Stlth-}
 79117 | Pan      | Found a glowing golden altar of the Shining One.
 79125 | Pan      | Identified the Compendium of Cold and Lightness
 79262 | Pan      | Identified the +5 hunting sling "Human's Curse" {flame,
                  | Str+5 Int+2 Dex-2 SInv}
 79262 | Pan      | Identified the cursed +0 scale mail of Sorcery {Rampage rN+
                  | MR+ Int-4}
 79557 | Pan      | Found a white marble altar of Elyvilon.
 79763 | Depths:3 | Escaped Pandemonium
 80218 | Pan      | Entered the realm of Cerebov.
 80218 | Pan      | Entered Pandemonium
 80445 | Pan      | Got a distressingly furry troll leather armour
 80448 | Pan      | Identified the +1 troll leather armour of the Vestibule of
                  | Hell {MR+ Regen+ Dex+4 Stlth+} (You found it in
                  | Pandemonium)
 80549 | Pan      | Got a brightly glowing lead ring
 80552 | Pan      | Identified the ring of Rubbooch {*Tele rF+} (You found it
                  | in Pandemonium)
 80687 | Pan      | Reached skill level 5 in Hexes
 80687 | Pan      | Reached skill level 5 in Summonings
 80978 | Pan      | Identified the +6 sword of Cerebov {flame}
 80978 | Pan      | Noticed Cerebov
 81030 | Pan      | Killed Cerebov
 81135 | Pan      | Got a fiery rune of Zot
 81247 | Pan      | Entered the realm of Gloorx Vloq.
 81403 | Pan      | Noticed Gloorx Vloq
 81417 | Pan      | Killed Gloorx Vloq
 81587 | Pan      | Got a dark rune of Zot
 81848 | Pan      | Reached skill level 10 in Earth Magic
 81911 | Pan      | Reached skill level 10 in Transmutations
 82290 | Pan      | Entered the realm of Mnoleg.
 82300 | Pan      | Identified the +6 war axe "Ukehodoa" {drain, rF+ rN+ MR++
                  | Str-3} (You found it in Pandemonium)
 82340 | Pan      | Noticed Mnoleg
 82341 | Pan      | Lost mutation: Your muscles are strong. (Str +2) [a
                  | cacodemon]
 82352 | Pan      | Killed Mnoleg
 82368 | Pan      | Gained mutation: You tend to lose your temper in combat. [a
                  | cacodemon]
 82371 | Pan      | Lost mutation: You are robust. (+10% HP) [a neqoxec]
 82396 | Pan      | Gained mutation: You are frail. (-10% HP) [a neqoxec]
 82426 | Pan      | Got a glowing rune of Zot
 82608 | Pan      | Lost mutation: You are frail. (-10% HP) [potion of
                  | mutation]
 82608 | Pan      | Lost mutation: You have large cloven feet. [potion of
                  | mutation]
 82608 | Pan      | Lost mutation: You tend to lose your temper in combat.
                  | [potion of mutation]
 82608 | Pan      | Gained mutation: You are frail. (-10% HP) [potion of
                  | mutation]
 82608 | Pan      | Gained mutation: Your muscles are strong. (Str +2) [potion
                  | of mutation]
 82608 | Pan      | Gained mutation: Your spells are a little harder to cast,
                  | but a little more powerful. [potion of mutation]
 82871 | Pan      | Noticed Dorrop the pandemonium lord
 82895 | Pan      | Killed Dorrop the pandemonium lord
 82961 | Pan      | Found an exit through the horrors of the Abyss.
 82974 | Pan      | Took an exit into the Abyss.
 82974 | Abyss:1  | Escaped into the Abyss
 82974 | Abyss:1  | Found a corrupted altar of Lugonu.
 83121 | Depths:3 | Escaped the Abyss
 83129 | Depths:3 | Learned a level 5 spell: Lee's Rapid Deconstruction
 83472 | D:4      | Fell from the grace of the Shining One
 83472 | D:4      | Became a worshipper of Zin the Law-Giver
 83472 | D:4      | Reached * piety under Zin
 83472 | D:4      | Reached ** piety under Zin
 83472 | D:4      | Reached *** piety under Zin
 83472 | D:4      | Reached **** piety under Zin
 83472 | D:4      | Reached ***** piety under Zin
 83473 | D:4      | Donated 4046 gold pieces to Zin
 83689 | Lair:5   | Reached ****** piety under Zin
 84217 | Depths:5 | Lost mutation: Scrolls take you a little longer to read.
                  | [potion of mutation]
 84217 | Depths:5 | Lost mutation: You are frail. (-10% HP) [potion of
                  | mutation]
 84218 | Depths:5 | Lost mutation: Your magical capacity is low. (-10% MP)
                  | [potion of mutation]
 84218 | Depths:5 | Lost mutation: Your muscles are strong. (Str +2) [potion of
                  | mutation]
 84219 | Depths:5 | Lost mutation: You are dopey. (Int -2) [potion of mutation]
 84219 | Depths:5 | Lost mutation: You are surrounded by a mild repulsion
                  | field. (EV +2) [potion of mutation]
 84220 | Depths:5 | Lost mutation: Your spells are a little harder to cast, but
                  | a little more powerful. [potion of mutation]
 84220 | Depths:5 | Lost mutation: You expend magic power (3 MP) to strengthen
                  | your wands. [potion of mutation]
 84222 | Zot:1    | Entered Level 1 of the Realm of Zot
 84311 | Zot:1    | Reached skill level 10 in Summonings
 84325 | Zot:1    | Reached skill level 10 in Hexes
 86067 | Zot:2    | You fall into a shaft and drop 1 floor!
 86463 | Zot:2    | Noticed an ancient lich
 86655 | Zot:3    | Killed an ancient lich
 87416 | Zot:2    | Noticed a Killer Klown
 87430 | Zot:2    | Found a transporter.
 87430 | Zot:2    | Found a transporter.
 87510 | Zot:2    | Noticed an orb of fire
 87539 | Zot:2    | Noticed an orb of fire
 87552 | Zot:2    | Killed an orb of fire
 88208 | Zot:2    | Identified the Catalogue of Orientation and Transformation
 88663 | Zot:2    | Killed an orb of fire
 88686 | Zot:2    | Killed a Killer Klown
 88727 | Zot:2    | Reached skill level 27 in Invocations
 88916 | Zot:2    | Got a warped ivory ring
 88917 | Zot:2    | Identified the ring "Wouzuito" {Ice Str-4 Int+6 Dex+10
                  | Slay+3} (You found it on level 2 of the Realm of Zot)
 89172 | Zot:2    | Got a translucent cloak
 89173 | Zot:2    | Identified the +2 cloak of Articulation {rF+ Regen+ rCorr
                  | Stlth-} (You found it on level 2 of the Realm of Zot)
 89752 | Zig:1    | Entered Level 1 of a ziggurat
 89752 | Zig:1    | Noticed a juggernaut
 89764 | Zig:1    | Killed a juggernaut
 89770 | Zig:1    | Upgraded the game from 0.26-a0-812-g31a745ddcd to
                  | 0.26-a0-830-g2a559e7be2
 89782 | Zig:2    | Entered Level 2 of a ziggurat
 89869 | Zig:3    | Entered Level 3 of a ziggurat
 89869 | Zig:3    | Noticed a shard shrike
 89876 | Zig:3    | Killed a shard shrike
 89877 | Zig:3    | Reached skill level 27 in Fighting
 89889 | Zig:3    | Got a smoking hunting sling
 89930 | Zig:4    | Entered Level 4 of a ziggurat
 89978 | Zig:5    | Entered Level 5 of a ziggurat
 90000 | Zig:5    | Got an ancient battleaxe {don't use}
 90015 | Zig:5    | Learned a level 6 spell: Shadow Creatures
 90021 | Zig:5    | Learned a level 5 spell: Summon Forest
 90028 | Zig:5    | Learned a level 6 spell: Dispersal
 90034 | Zig:5    | Learned a level 5 spell: Bolt of Magma
 90043 | Zig:6    | Entered Level 6 of a ziggurat
 90046 | Zig:6    | Noticed ANON1729's ghost (legendary MfGl)
 90062 | Zig:6    | Reached skill level 1 in Fire Magic
 90075 | Zig:6    | Killed ANON1729's ghost
 90082 | Zig:6    | Got an ancient ring mail
 90091 | Zig:6    | Got a dull robe
 90120 | Zig:7    | Entered Level 7 of a ziggurat
 90123 | Zig:7    | Noticed Joidghuaji the pandemonium lord
 90124 | Zig:7    | Noticed Hypesuhe the pandemonium lord
 90139 | Zig:7    | Killed Hypesuhe the pandemonium lord
 90142 | Zig:7    | Killed Joidghuaji the pandemonium lord
 90150 | Zig:7    | Identified the Volume of Transmutation
 90171 | Zig:8    | Entered Level 8 of a ziggurat
 90178 | Zig:8    | Found the amulet of Vitality {Regen+ HP+15}
 90197 | Zig:8    | Reached skill level 1 in Stealth
 90219 | Zig:8    | Got a bone dire flail {don't use}
 90278 | Zig:9    | Entered Level 9 of a ziggurat
 90281 | Zig:9    | Noticed Veinkoh the pandemonium lord
 90310 | Zig:9    | Killed Veinkoh the pandemonium lord
 90491 | Zig:10   | Entered Level 10 of a ziggurat
 90556 | Zig:10   | Got a brightly glowing arbalest {don't use}
 90561 | Zig:10   | Got a faintly humming chain mail
 90578 | Zig:11   | Entered Level 11 of a ziggurat
 90588 | Zig:11   | Noticed Osmyn the pandemonium lord
 90646 | Zig:11   | Killed Osmyn the pandemonium lord
 90666 | Zig:11   | Got a steaming amber ring
 90667 | Zig:11   | Identified the ring "Iqahel" {rN+ Slay+2 SInv} (You found
                  | it on level 11 of a ziggurat)
 90670 | Zig:11   | Got an ebony rapier
 90824 | Zig:12   | Entered Level 12 of a ziggurat
 90851 | Zig:12   | Noticed Liumen Umaor the pandemonium lord
 90857 | Zig:12   | Reached skill level 5 in Fire Magic
 90891 | Zig:12   | Killed from afar by a Hell Sentinel

Illustrated notes

Levels and vault maps discovered:
D:1:      wheals_arrival_linesprint, layout_loops_corners
D:2:      layout_loops_ring
D:3:      layout_basic, uniq_grinder
D:4:      layout_cave_pools, chequers_temple_overflow_statue_of_worship,
          zin_statuary, nicolae_overflow_crystal_walls, serial_shops,
          shop_fountains, chequers_serial_rivers_small_a, minmay_cut_off
D:5:      layout_basic, serial_shops, nicolae_shop_stone,
          gammafunk_ghost_stat_death, kennysheep_generic_room_5, uniq_duvessa,
          uniq_eustachio
D:6:      layout_basic, minmay_temple_entry_arrows, gup_sewer_entry_bowl,
          wad_floor_pattern_1
D:7:      layout_cave_pools, kennysheep_mini_moat, grunt_qazlal_clouds,
          dk_yredelemnul_ordeal, uniq_joseph
D:8:      layout_loops_ring, minivault_23
D:9:      layout_loops_corners, david_orc_2, serial_shops,
          nicolae_shop_competitors_out_of_business, gammafunk_ghost_stat_death,
          nicolae_transmutations_shop, uniq_erica
D:10:     layout_loops_ring, dpeg_lair_monsters, trove_entry_hex_spiral,
          corexii_corridor_pit, kennysheep_generic_room_10
D:11:     layout_cave_pools, gauntlet_entry_generic, serial_shops, shop
D:12:     layout_grid_maze, chequers_serial_rivers_small_a, uniq_nergalle,
          uniq_gastronok
D:13:     minmay_twisted_water, layout_stronghold, erik_vaults_1
D:14:     layout_basic, basic_altar, roderic_cross_of_infinity
D:15:     gammafunk_depths_entry_grave, layout_irregular_city, serial_shops,
          shop
Temple:   minmay_temple_curvy_branch
Lair:1:   layout_roguey, infiniplex_staircase_pool
Lair:2:   layout_gridlike, minmay_lair_oklob_chamber, grunt_megastairs_1
Lair:3:   layout_cave_pods, basic_altar, nicolae_volcano_entry_vermiform,
          fungi_pond_lemuel, st_stairs_13, nicolae_quartered_pool_medium,
          grunt_megastairs_5, lemuel_fruit_fields
Lair:4:   layout_roguey [special_room_bee], skrybe_swamp_entry_bodies,
          dummy_snake_entry, minivault_24, serial_bayou_lake_a,
          lemuel_fruit_fields, serial_bayou_shore_a, uniq_rupert, uniq_snorg,
          uniq_josephine
Lair:5:   layout_regular_city, slime_altar_2, gammafunk_ghost_ooze,
          grunt_megastairs_2
Lair:6:   wormcave, layout_loops_ring, hangedman_lair_in_review, basic_altar
Swamp:1:  layout_basic_swamp, basic_altar, swamp_pool3,
          nicolae_swamp_orc_logging_accident, nicolae_swamp_rocky_clearing,
          uniq_aizul
Swamp:2:  layout_basic_swamp, nicolae_swamp_very_dense_foliage, swamp_pool2,
          nicolae_swamp_triple_paths
Swamp:3:  layout_falls_marsh, evilmike_swamp_ruin_house_5
Swamp:4:  swamp, layout_basic_swamp, infiniplex_staircase_pool_2
Snake:1:  layout_grid_maze, uniq_jorgrun
Snake:2:  layout_layer_cave, grunt_megastairs_3
Snake:3:  layout_onion, serial_bayou, serial_bayou_lagoon_b,
          serial_bayou_shore_b, serial_bayou_pond_d, serial_bayou_pond_b,
          grunt_ministairs_9
Snake:4:  snake_pit, layout_misc_corridors, serial_shops,
          nicolae_shop_behind_doors, serial_bayou_crossing, lemuel_fruit_tree
Slime:1:  layout_caves, cheibrodos_slime_lost_civilization_5
Slime:2:  layout_caves
Slime:3:  layout_caves, dissolution_awaits
Slime:4:  layout_caves
Slime:5
Vaults:1: vaults_room_grid, v_alt_pattern_3, nicolae_vaults_network_quinsquares
          [nicolae_vaults_network_quincunx_subvault,
          nicolae_vaults_network_quincunx_subvault,
          nicolae_vaults_network_quincunx_subvault,
          nicolae_vaults_network_quincunx_subvault], vaults_dpeg_diagonal,
          v_misc_17, hangedman_vaults_unwind, vaults_room_fours,
          vaults_room_grunt_arrival_ludios,
          nicolae_vaults_windows_and_doors_thing, vaults_mumra_hex, v_misc_16,
          vaults_dpeg_doors, layout_vaults_omnibox, serial_shops, shop,
          mu_enter_wizlab_4
Vaults:2: nicolae_vaults_ring_of_whatevers, v_rooms_3, hangedman_vaults_nails,
          nicolae_vaults_little_squares_6, nicolae_vaults_display_case,
          hangedman_vaults_stagger, vaults_mumra_minichess_inversion, v_rooms_1,
          grunt_vaults_diagonal, nicolae_vaults_little_squares_2,
          nicolae_vaults_three_branches, vaults_mumra_chevron,
          layout_vaults_big_room, serial_shops, shop
Vaults:3: nicolae_vaults_mini_display_case, ontoclasm_vaults_twist,
          nicolae_vaults_rhombus_6, hangedman_vaults_variations,
          ontoclasm_vaults_idyll, minmay_crypt_entry_simple_box,
          nicolae_vaults_ninety_degrees, nicolae_vaults_stairing_the_circle,
          ontoclasm_vaults_misaligned, serial_ice_b,
          nicolae_vaults_little_squares_3, v_misc_16, nicolae_vaults_alarming,
          v_misc_4, layout_vaults_ring
Vaults:4: vaults_mumra_bighexcomb, vaults_mumra_hexcomb, vaults_room_pool,
          nicolae_vaults_little_squares_5, ontoclasm_vaults_chip,
          vaults_room_semicircle, v_misc_26, v_misc_27, vaults_mumra_lcd,
          ontoclasm_vaults_chip, nicolae_vaults_rhombus_6,
          ontoclasm_vaults_decontamination, layout_vaults_quadrants,
          serial_shops, shop
Vaults:5: serial_shops
Crypt:1:  layout_catacombs
Crypt:2:  layout_chaotic_city, minmay_misc_feat_hallway
Crypt:3:  evilmike_haunted_forest
Tomb:1
Tomb:2:   uniq_mennas
Tomb:3
Depths:1: layout_twisted_cross, hell_entry, serial_sigils_hangedman_scratch,
          st_stairs_12, hangedman_abyss_or_decor_clamps,
          minmay_guarded_unrand_wrath_of_trog
Depths:2: evilmike_inaccessible_box, layout_honeycomb, nrook_mini_vaults,
          hell_entry, minmay_shop_star
Depths:3: minmay_the_grid_octo_triangle [minmay_the_grid_octo_77,
          minmay_the_grid_octo_prize_big_c, minmay_the_grid_octo_empty],
          layout_basic, abyss_entry_flame_altar, hell_entry,
          rand_demon_pan_entry_3
Depths:4: minmay_tile_spiral, layout_gridville,
          hangedman_abyss_or_decor_stagger, hell_entry, abyss_entry,
          minmay_staircase_statues
Depths:5: grunt_zot_entry_pinwheel, layout_long_grid, enter_ziggurat_d,
          abyss_entry, hell_entry
Hell
Dis:1:    layout_regular_city
Dis:2:    layout_overlapping_boxes
Dis:3:    layout_gridville
Dis:4:    layout_chaotic_city, hangedman_player_shredder
Dis:5:    layout_overlapping_boxes
Dis:6:    layout_gridville, evilmike_ambush [evilmike_ambush_outer_basic,
          evilmike_ambush_inner_basic]
Dis:7:    dis_grunt_layers
Geh:1:    layout_gehenna_pools_box
Geh:2:    layout_gehenna_lava_caves
Geh:3:    layout_gehenna_pools_box
Geh:4:    layout_gehenna_lava_caves
Geh:6:    layout_gehenna_pools_triple
Geh:7:    geh_grunt
Coc:1:    layout_ice_bergs
Coc:2:    layout_cocytus_water_paths
Coc:3:    layout_cocytus_water_paths
Coc:4:    layout_cocytus_water_paths
Coc:5:    layout_ice_bergs, door_vault
Coc:6:    layout_ice_bergs
Coc:7:    coc_grunt
Tar:1:    layout_honeycomb, nicolae_tar_cuneiform_bird
Tar:2:    layout_honeycomb, nicolae_tar_cuneiform_sun, lemuel_elevator
Tar:3:    layout_grid_maze
Tar:4:    layout_catacombs, evilmike_ambush [evilmike_ambush_outer_basic,
          evilmike_ambush_inner_pond]
Tar:5:    layout_grid_maze
Tar:6:    layout_grid_maze
Tar:7:    tar_grunt_cathedral
Zot:1:    layout_concentric_octagons, grunt_megastairs_4
Zot:2:    gammafunk_the_bubble [the_bubble_gammafunk_split],
          layout_cellular_growth, st_stairs_5, nzn_random_ring
Zot:3:    layout_basic, lemuel_baited_zot_trap, amethyst_zot_foddershock
Zig:12

Skill      XL: |  1  2  3  4  5  6  7  8  9 10 11 12 13 14 15 16 17 18 19 20 21 22 23 24 25 26 27 |
---------------+----------------------------------------------------------------------------------+-----
Maces & Flails | 3 4 5 6 7 9 10 11 | 11.9
Dodging        | 1 2 3 4 7 8 10 11 12 13 14 15 | 15.2
Throwing       | 1 3 4 5 6 12 | 12.0
Fighting       | 4 5 6 7 8 9 11 12 13 14 15 16 17 18 27 | 27.0
Armour         | 4 5 6 7 8 9 10 11 12 13 14 15 24 | 24.6
Shields        | 4 5 6 7 8 9 10 11 12 13 14 15 16 25 | 25.0
Invocations    | 2 4 5 6 7 8 9 10 11 12 13 14 27 | 27.0
Evocations     | 1 3 4 5 6 7 8 9 10 11 12 15 | 15.2
Axes           | 3 6 9 11 12 13 14 15 16 17 18 | 18.9
Spellcasting   | 3 4 6 7 8 9 11 | 11.9
Translocations | 3 5 6 8 9 10 12 | 12.0
Transmutations | 12 | 12.0
Earth Magic    | 12 | 12.0
Conjurations   | 11 | 11.2
Hexes          | 12 | 12.0
Summonings     | 12 | 12.0
Fire Magic     | 5 |  5.4
Stealth        | 6 |  6.8

Action                   |  1- 3 |  4- 6 |  7- 9 | 10-12 | 13-15 | 16-18 | 19-21 | 22-24 | 25-27 || total
-------------------------+-------+-------+-------+-------+-------+-------+-------+-------+-------++-------
Melee: Flail             |    94 |    90 |   359 |       |       |       |       |       |       ||   543
       Morningstar       |       |       |       |   476 |   245 |    88 |   172 |       |       ||   981
       War axe           |       |       |       |    28 |   435 |   832 |   744 |       |       ||  2039
       Broad axe         |       |       |       |       |       |       |   310 |  1149 |  7293 ||  8752
 Fire: Hunting sling     |       |       |    26 |    54 |       |       |       |       |       ||    80
Throw: Stone             |    14 |    37 |       |       |       |       |       |       |       ||    51
       Javelin           |       |     3 |       |       |    36 |    44 |   102 |     9 |    66 ||   260
       Boomerang         |       |     5 |   112 |    86 |    32 |   238 |       |    68 |   510 ||  1051
       Dart              |       |       |       |    88 |    99 |     4 |     3 |       |     7 ||   201
       Throwing net      |       |       |       |     4 |       |       |       |       |     7 ||    11
 Cast: Blink             |       |       |       |     3 |       |       |       |       |    28 ||    31
       Apportation       |       |       |       |       |       |       |       |       |    36 ||    36
       Passwall          |       |       |       |       |       |       |       |       |    36 ||    36
       Passage of Golubr |       |       |       |       |       |       |       |       |     7 ||     7
       Lee's Rapid Decon |       |       |       |       |       |       |       |       |     3 ||     3
       Iskenderun's Myst |       |       |       |       |       |       |       |       |     2 ||     2
       Summon Mana Viper |       |       |       |       |       |       |       |       |     2 ||     2
Invok: Lesser Healing    |       |       |       |     9 |     5 |     4 |     6 |       |       ||    24
       Greater Healing   |       |       |       |       |     5 |     6 |     7 |       |       ||    18
       Purification      |       |       |       |       |       |     2 |       |       |       ||     2
       Divine Shield     |       |       |       |       |       |       |       |     4 |    59 ||    63
       Divine Vigour     |       |       |       |       |       |       |       |     1 |       ||     1
       Brand Weapon With |       |       |       |       |       |       |       |     1 |       ||     1
       Cleansing Flame   |       |       |       |       |       |       |       |     7 |   134 ||   141
       Recite            |       |       |       |       |       |       |       |       |    46 ||    46
       Summon Divine War |       |       |       |       |       |       |       |       |    13 ||    13
       Vitalisation      |       |       |       |       |       |       |       |       |     4 ||     4
       Sanctuary         |       |       |       |       |       |       |       |       |     4 ||     4
       Donate Gold       |       |       |       |       |       |       |       |       |     1 ||     1
 Abil: Evoke Flight      |       |       |       |       |     8 |       |       |       |       ||     8
       Stop Flying       |       |       |       |       |     3 |       |       |       |       ||     3
Evoke: Wand              |       |       |    17 |    14 |     2 |     7 |    15 |     2 |    48 ||   105
       Phantom mirror    |       |       |       |       |     1 |     2 |       |       |     4 ||     7
       Tin of tremorston |       |       |       |       |     2 |     6 |    10 |     1 |    40 ||    59
       Lightning rod     |       |       |       |       |       |    20 |     5 |     4 |     7 ||    36
       Phial of floods   |       |       |       |       |       |       |       |       |     3 ||     3
  Use: Scroll            |       |     5 |    10 |    14 |     9 |     8 |     3 |     6 |    40 ||    95
       Potion            |       |       |     2 |     3 |     8 |       |       |       |    51 ||    64
 Stab: Paralysed         |       |       |     4 |       |       |       |     5 |       |    15 ||    24
       Held in net/web   |       |       |       |     1 |       |       |       |       |     3 ||     4
       Distracted        |       |       |       |       |       |     1 |       |       |       ||     1
       Confused          |       |       |       |       |       |       |       |       |    53 ||    53
Armor: Scale mail        |    52 |    50 |   172 |       |       |       |       |       |       ||   274
       Chain mail        |       |       |    40 |   158 |       |       |       |       |       ||   198
       Storm dragon scal |       |       |       |    65 |   151 |       |       |       |       ||   216
       Plate armour      |       |       |       |       |     9 |   342 |   521 |   407 |  1882 ||  3161
       Skin              |       |       |       |       |       |       |       |       |    62 ||    62
Dodge: Dodged            |    24 |    28 |   118 |   132 |   201 |   358 |   491 |   419 |  2364 ||  4135
Block: Kite shield       |    36 |    52 |   210 |   202 |       |       |       |       |       ||   500
       Tower shield      |       |       |       |    96 |   539 |   917 |  1167 |  1138 |  7548 || 11405

Table legend: (Time is in decaauts)
 A = Elapsed time spent in this place.
 B = Non-inter-level travel time spent in this place.
 C = Inter-level travel time spent in this place.
 D = Time resting spent in this place.
 E = Time spent auto-exploring this place.
 F = Levels seen in this place.
 G = Mean time per level.
                   A        B        C        D        E       F      G
               +--------+--------+--------+--------+--------+-----+--------+
         Total |  92173 |  79162 |  13011 |   4258 |  42940 | 115 |  801.5 |
       Dungeon |  23557 |  17982 |   5575 |    273 |  12901 |  15 | 1570.5 |
        Temple |    401 |    290 |    111 |      0 |    287 |   1 |  401.0 |
          Lair |   7834 |   6457 |   1377 |    133 |   4504 |   6 | 1305.7 |
         Swamp |   3981 |   3795 |    186 |     61 |   2625 |   4 |  995.2 |
     Snake Pit |   5527 |   5159 |    368 |      9 |   3889 |   4 | 1381.8 |
    Slime Pits |   1740 |   1503 |    237 |    500 |    174 |   5 |  348.0 |
        Vaults |   8443 |   7133 |   1310 |    175 |   4209 |   5 | 1688.6 |
         Crypt |   4622 |   4037 |    585 |      0 |   2782 |   3 | 1540.7 |
          Tomb |   3108 |   2777 |    331 |    635 |    988 |   3 | 1036.0 |
        Depths |   8117 |   6117 |   2000 |    145 |   4204 |   5 | 1623.4 |
          Hell |    901 |    698 |    203 |      0 |    369 |   1 |  901.0 |
           Dis |   1829 |   1829 |      0 |    342 |      0 |   7 |  261.3 |
       Gehenna |   1982 |   1893 |     89 |    259 |      0 |   6 |  330.3 |
       Cocytus |   2203 |   2067 |    136 |    176 |      0 |   7 |  314.7 |
      Tartarus |   2573 |   2535 |     38 |    251 |      9 |   7 |  367.6 |
           Zot |   4390 |   3931 |    459 |    543 |   2279 |   3 | 1463.3 |
         Abyss |    626 |    626 |      0 |      2 |    142 |   7 |   89.4 |
   Pandemonium |   6436 |   6436 |      0 |    571 |   1770 |  10 |  643.6 |
      Ziggurat |   1091 |   1091 |      0 |      2 |    442 |  12 |   90.9 |
         Sewer |    213 |    213 |      0 |      0 |    100 |   1 |  213.0 |
       Volcano |    311 |    311 |      0 |      0 |    108 |   1 |  311.0 |
        Wizlab |   1043 |   1043 |      0 |     64 |    388 |   1 | 1043.0 |
      Gauntlet |   1234 |   1234 |      0 |    114 |    764 |   1 | 1234.0 |
               +--------+--------+--------+--------+--------+-----+--------+

Top non-repeatable levels by time:
    D:12: 2883 daAuts
 Crypt:3: 2317 daAuts
     D:9: 2231 daAuts
    D:10: 2094 daAuts
   Zot:2: 2081 daAuts
    D:13: 2035 daAuts
     D:5: 2021 daAuts
Depths:3: 1976 daAuts
Depths:2: 1968 daAuts
Vaults:4: 1906 daAuts
 Snake:3: 1887 daAuts
Vaults:2: 1809 daAuts
  Lair:6: 1802 daAuts
Depths:4: 1783 daAuts
   Zot:1: 1644 daAuts
